 Dungeon Crawl Stone Soup version 5.1-80-g04056d8 (webtiles) character file.

63579 tatters the Unseen (level 16, -9/77 HPs)
             Began as a Spriggan Torpor Knight on Nov 1, 2017.
             Was the Champion of Cheibriados.
             Killed from afar by a frost giant (57 damage)
             ... with a bolt of cold
             ... on level 3 of the Vaults on Nov 2, 2017.
             The game lasted 02:37:17 (25920 turns).

tatters the Unseen (Spriggan Torpor Knight)        Turns: 25920, Time: 02:37:18

Health: -9/77      AC: 16 (31%)Str: 23  XL:     16   Next: 97%
Magic:  5/15       EV: 34    Int: 28    God:    Cheibriados [6*[187]]
Gold:   490        SH:  0    Dex: 38    Spells: 0/37 levels left

rFire    . . .     SeeInvis +   a - +7 demon blade (vamp)
rCold    . . .     Faith    +   (shield restricted)
rNeg     . . .     Spirit   .   k - +0 swamp dragon scales
rPois    +         Reflect  .   x - +0 hat
rElec    .                      w - +2 cloak
rCorr    .                      (gloves unavailable)
MR       ++...                  (boots unavailable)
Stlth    +++++++++.             D - amulet of faith
Regen    0.8/turn               A - +3 ring of protection
MPRegen  0.3/turn               U - +3 ring of protection

@: regenerating, invisible, very slow
A: unfitting armour, see invisible, speed 2
}: 1/15 runes: decaying
a: End Regeneration, End Darkness, End Invisibility, Bend Time, Temporal
Distortion, Slouch, Step From Time, Renounce Religion


You were on level 3 of the Vaults.
You worshipped Cheibriados.
Cheibriados was exalted by your worship.
You were not hungry.

You visited 4 branches of the dungeon, and saw 23 of its levels.
You also visited: Ossuary and Volcano.

You collected 2882 gold pieces.
You spent 2392 gold pieces at shops.

Inventory:

Hand Weapons
 a - a +7 vampiric demon blade (weapon)
 b - a +2 dagger of protection
Missiles
 c - 2614 arrows
 g - 482 tomahawks (quivered)
 i - 3036 bolts
 v - 11 curare darts
 y - 122 poisoned darts
 C - 6 poisoned tomahawks
Armour
 k - +0 swamp dragon scales (worn)
 p - a +0 buckler
 t - a +0 troll leather armour
 w - a +2 cloak (worn)
 x - a +0 hat (worn)
 H - a +2 robe of positive energy
 W - a +2 robe of magic resistance
Magical Staves
 B - an uncursed staff of death
 P - an uncursed staff of earth
Jewellery
 l - a +3 amulet of reflection
 q - the amulet of Kimm {RegenMP rF- Str+4}
   (You found it on level 2 of the Vaults)

   [amulet of magic regeneration]

   It increases your magic regeneration.
   It affects your strength (+4).
   It makes you vulnerable to fire.
 A - a +3 ring of protection (left hand)
 D - an amulet of faith (around neck)
 K - an uncursed ring of ice
 O - an uncursed amulet of guardian spirit
 R - an uncursed ring of resist corrosion
 U - a +3 ring of protection (right hand)
Wands
 r - a wand of iceblast (13)
 N - a wand of lightning (10)
 Q - a wand of flame (6)
 T - a wand of digging (16)
 Z - a wand of paralysis (4)
Scrolls
 e - a scroll of summoning
 h - 3 scrolls of blinking
 j - 4 scrolls of fear
 n - 5 scrolls of amnesia
 s - 13 scrolls of teleportation
 z - 5 scrolls of magic mapping
 F - 2 scrolls of fog
 M - a scroll of silence
 Y - 3 scrolls of enchant armour
Potions
 d - 14 potions of curing
 f - a potion of cancellation
 m - 3 potions of resistance
 o - 8 potions of mutation
 E - 2 potions of magic
 G - 2 potions of augmentation
 S - 3 potions of lignification
 X - a potion of heal wounds
Miscellaneous
 I - a disc of storms
 J - a crystal ball of energy
 L - a sack of spiders
 V - a fan of gales


   Skills:
 * Level 5.8 Fighting
 - Level 14.0 Blades
 - Level 13.0 Dodging
 - Level 20.3 Stealth
 - Level 1.3 Shields
 - Level 11.0 Spellcasting
 * Level 14.9 Hexes
 - Level 3.0 Charms
 - Level 3.0 Summonings
 - Level 1.0 Necromancy
 - Level 4.0 Translocations
 - Level 6.3 Transmutations
 - Level 2.1 Fire Magic
 - Level 2.4 Air Magic
 - Level 1.5 Earth Magic
 - Level 10.0 Invocations
 - Level 11.2 Evocations


You couldn't memorise any spells.
You knew the following spells:

 Your Spells              Type           Power        Failure   Level  Hunger
a - Beastly Appendage     Tmut           50 (50)      1%          1    N/A
b - Sticks to Snakes      Tmut/Summ      41 (100)     1%          2    N/A
c - Passwall              Tmut/Erth      37 (200)     1%          2    N/A
d - Blink                 Tloc           N/A          1%          2    N/A
e - Conjure Flame         Fire/Air       28 (100)     7%          3    N/A
f - Passage of Golubria   Tloc           N/A          11%         4    N/A
g - Darkness              Hex            78 (200)     1%          6    N/A
h - Force Lance           Tloc/Erth      31 (100)     5%          3    N/A
i - Invisibility          Hex            78 (200)     11%         7    N/A
j - Regeneration          Chrm/Necr      26 (200)     8%          3    N/A
k - Silence               Hex/Air        59 (200)     1%          4    N/A

Dungeon Overview and Level Annotations

Branches:
Dungeon (15/15) Swamp (3/3) Orc:2 Slime (0/4) Orc:2 Vaults:3 Orc (2/2) D:15 Vaults (3/3) D:15 Swamp:3 Depths (0/3) D:15 Vaults:3 Snake: Orc:2 Spider: Orc:2

Altars:
Cheibriados
Dithmenos
Elyvilon
Gozag
Hepliaklqana
Jiyva
Kikubaaqudgha
Makhleb
Okawaru
Qazlal
Ru
Sif Muna
Trog
Uskayaw
Vehumet
Xom
Yredelemnul
Zin
The Shining One

Shops:
Orc:2 ?:([[

Annotations:
D:15 exclusions: cyclops, electric eel, ogre, 5 two-headed ogres and yaktaur captain
Swamp:2 exclusions: spiny frog and vampire mosquito, Frances
Orc:1 exclusion: 2 trolls


Innate Abilities, Weirdness & Mutations

You are tiny and cannot use many weapons and most armour.
You have supernaturally acute eyesight. (SInv)
You cover ground very quickly.


Message History

You hear a shout!
The phantasmal warrior misses you.
You slash the phantasmal warrior (15)!
The phantasmal warrior is almost destroyed.
The phantasmal warrior misses you. The orc completely misses you.
You hit the phantasmal warrior (6).
You destroy the phantasmal warrior!
Cheibriados thoroughly appreciates the change of pace.
Found the +2 cloak of Disguise {rElec rF+}.
Casting: Blink
Confirm with . or Enter, or press ? or * to list all spells.
Okay, then.
Unknown command.
The fire giant hits you with a +0 great mace of flaming (11)!
The fire giant burns you (2).
You fail to use your ability.
The fire giant misses you. The frost giant casts a spell at you.
The bolt of cold hits you!
That hurt (57)!
Ouch! That really hurt!
You die...

,*,***,***,*,*,*,*,*,,*
,,** *** **,,,*,,,**,,*
,*,** **,*,*,*,*,*,,*
*,,,** **,,,*,,,*,,*,,*
**,*,***,*,***,*,*,*,,*
**,,,*,,,** ##,,,##,,*
* **,*,*,** ##.#,#[#,,*
* **,,,** #...#}.#,,* *
**,*,*,** *#.#@#.#,,*
**,,,*,,,** ##CC.##,,*
**,*,***,*,*##.#o#.#,,*
*,,,** **,,,#...#.o#,,*
,*,** **,#(#.#)#.#,,*
,,** *** **...#Co.##,,*
,*,***,***,#.#.#o#.#..#
*,,,*,,,*,,.#...#[o#..#
,*,*,*,*,*,*.#.#o#o#..#


You could see a frost giant, a fire giant, an orc warrior and an orc.

Vanquished Creatures
  Nikola (Vaults:2)
  Jorgrun (Vaults:2)
  Kirke (Swamp:1)
  Donald (Swamp:1)
  A vault warden (Vaults:2)
  A very ugly thing (Swamp:1)
  8 ironheart preservers
  A deep elf demonologist (Vaults:1)
  2 deep elf annihilators (Vaults:1)
  An ettin (Orc:2)
  A deep elf death mage (Vaults:1)
  2 yaktaur captains
  A fire dragon (Swamp:1)
  An ice dragon (Vaults:1)
  24 hydras
  3 rakshasas
  2 ghost crabs
  A catoblepas (D:14)
  14 two-headed ogres
  7 alligators
  An anaconda (Swamp:1)
  9 centaur warriors
  4 death yaks (D:14)
  4 ogre magi
  A deep troll earth mage (Vaults:1)
  2 orc high priests (Orc:2)
  2 deep elf knights
  A shadow wraith (Vaults:1)
  2 fire crabs (shapeshifter)
  A glowing orange brain (D:14)
  A flayed ghost (Vaults:1)
  An unseen horror (D:12)
  A spriggan druid (Swamp:3)
  10 swamp dragons
  4 shambling mangroves (Swamp:3)
  2 deep elf archers (Vaults:1)
  3 deep trolls
  A phantasmal warrior (Vaults:3)
  A wizard (Vaults:2)
  A necromancer (D:15)
  3 ironbrand convokers
  3 harpies (Vaults:2)
  A wolf spider zombie (D:15)
  6 orc knights
  5 deep elf magi
  6 hornets
  4 orc sorcerers
  A cyclops (D:13)
  8 ugly things
  A sphinx skeleton (Volcano)
  3 black mambas
  2 naga magi (D:15)
  2 vault sentinels
  4 spiny frogs
  Joseph (D:10)
  3 gargoyles
  A redback zombie (D:14)
  12 yaktaurs
  A rime drake (D:15)
  An efreet (D:15)
  5 trolls
  3 meliai (D:14)
  A jumping spider (shapeshifter) (Vaults:1)
  A wind drake (shapeshifter) (D:15)
  A polar bear (shapeshifter) (D:13)
  24 slime creatures
  4 tyrant leeches (Swamp:1)
  6 blink frogs
  5 bog bodies
  A minotaur skeleton (Volcano)
  A black mamba zombie (D:12)
  A flying skull (Volcano)
  2 shadows
  2 wraiths
  4 spriggans (Swamp:3)
  A water elemental (D:13)
  3 wyverns
  3 vampires
  5 yaks (D:8)
  3 hogs (Swamp:1)
  A steam dragon (D:13)
  20 vampire mosquitoes
  2 angry ghosts
  9 swamp worms
  A warg (Vaults:3)
  A soldier ant (shapeshifter) (Vaults:2)
  3 acid dragons
  A merfolk skeleton (Volcano)
  11 swamp drakes
  34 orc warriors
  2 two-headed ogre skeletons (Volcano)
  2 black bears
  2 spiny frog skeletons
  An eye of draining (shapeshifter) (Vaults:2)
  15 wasps
  4 ice beasts
  2 phantoms
  11 ogres
  A manticore skeleton (Volcano)
  21 centaurs
  A rime drake zombie (D:8)
  2 bullfrogs
  3 wyvern zombies
  4 wyvern skeletons
  8 scorpions
  A crimson imp (D:7)
  2 howler monkeys
  17 killer bees
  2 troll skeletons (Volcano)
  2 electric eels
  6 wights
  4 centaur zombies
  2 hounds (D:4)
  7 centaur skeletons
  A bullfrog skeleton (D:7)
  12 jellies
  15 orc priests
  2 human zombies (Ossuary)
  17 orc wizards
  7 worker ants
  3 iguanas
  A big kobold zombie (Ossuary)
  2 ogre skeletons (Volcano)
  A naga skeleton (Volcano)
  6 mummies
  Samantha (D:2)
  10 adders
  4 gnolls (D:7)
  2 scorpion zombies (Ossuary)
  3 oozes
  A dart slug (D:1)
  80 orcs
  7 quokkas
  A bat skeleton (D:6)
  5 bat zombies
  6 giant cockroaches
  A gnoll zombie (Ossuary)
  12 goblins
  5 hobgoblins
  9 jackals
  4 kobolds
  4 ball pythons
  15 bats
  3 frilled lizards
  A goblin zombie (Ossuary)
  A hobgoblin zombie (Ossuary)
  3 orc zombies (Ossuary)
  A quokka zombie (D:1)
  8 rats
  2 butterflies (D:3)
731 creatures vanquished.

Vanquished Creatures (collateral kills)
  A centaur warrior (D:15)
  A manticore (D:13)
  A yaktaur (D:15)
  A guardian mummy (Volcano)
  A slime creature (D:12)
  2 wargs
  A swamp worm (Swamp:2)
  A merfolk skeleton (Volcano)
  An orc warrior (Orc:1)
  2 ogres
  2 centaurs
  A gnoll sergeant (D:7)
  3 scorpions (Ossuary)
  A crimson imp (D:7)
  2 wights (D:12)
  A centaur zombie (Ossuary)
  A quasit (D:6)
  An orc wizard (Orc:1)
  A gnoll (D:7)
  7 orcs
  A hobgoblin zombie (Ossuary)
  An orc zombie (Ossuary)
34 creatures vanquished.

Vanquished Creatures (others)
  A deep troll earth mage (Vaults:1)
  A yaktaur (Vaults:2)
  3 humans (Swamp:1)
  A swamp drake (Swamp:2)
6 creatures vanquished.

Grand Total: 771 creatures vanquished

Notes
Turn   | Place    | Note
-------+----------+-------------------------------------------
     0 | D:1      | tatters the Spriggan Torpor Knight began the quest for the Orb.
     0 | D:1      | Reached XP level 1. HP: 10/10 MP: 3/3
   214 | D:1      | Reached XP level 2. HP: 9/15 MP: 4/4
   426 | D:1      | Reached ** piety under Cheibriados
   647 | D:1      | Reached XP level 3. HP: 17/18 MP: 5/5
  1414 | D:2      | Found a bloodstained altar of Trog.
  1489 | D:2      | Reached *** piety under Cheibriados
  1508 | D:2      | Found a deep blue altar of Sif Muna.
  1551 | D:2      | Found a stormy altar of Qazlal.
  1599 | D:2      | Reached skill level 1 in Stealth
  1599 | D:2      | Reached XP level 4. HP: 23/23 MP: 6/6
  1622 | D:2      | Reached skill level 5 in Dodging
  1691 | D:2      | Noticed Samantha
  1711 | D:2      | Killed Samantha
  2043 | D:2      | Found a burning altar of Makhleb.
  2046 | D:2      | Reached skill level 2 in Stealth
  2129 | D:2      | Learned a level 1 spell: Beastly Appendage
  2150 | D:2      | Found a faded altar of an unknown god.
  2232 | D:3      | Found a shimmering altar of Xom.
  2270 | D:3      | Learned a level 2 spell: Sticks to Snakes
  2402 | D:3      | Reached **** piety under Cheibriados
  2402 | D:3      | Reached skill level 1 in Spellcasting
  2402 | D:3      | Reached skill level 1 in Transmutations
  2402 | D:3      | Reached XP level 5. HP: 21/26 MP: 5/5
  2433 | D:3      | Reached skill level 3 in Stealth
  2783 | D:3      | Reached skill level 1 in Summonings
  2783 | D:3      | Reached XP level 6. HP: 8/30 MP: 6/8
  3053 | D:3      | Reached skill level 4 in Stealth
  3462 | D:4      | Found a viscous altar of Jiyva.
  3587 | D:4      | Reached skill level 5 in Stealth
  3764 | D:4      | Found a glowing golden altar of the Shining One.
  3827 | D:4      | Found a glowing silver altar of Zin.
  3928 | D:4      | Reached skill level 6 in Stealth
  3933 | D:4      | Got the +2 mace of Egomania {crush, rC+ Str+3}
  3955 | D:4      | Found a shadowy altar of Dithmenos.
  3956 | D:4      | Found an opulent altar of Gozag.
  4121 | D:4      | Reached XP level 7. HP: 35/35 MP: 10/10
  4329 | D:5      | Entered Level 5 of the Dungeon
  4469 | D:5      | Found an iron altar of Okawaru.
  4534 | D:5      | Reached skill level 7 in Stealth
  4877 | D:5      | Found a white marble altar of Elyvilon.
  4970 | D:6      | Reached ***** piety under Cheibriados
  4970 | D:6      | Reached skill level 8 in Stealth
  5471 | D:6      | Found a white marble altar of Elyvilon.
  5482 | D:6      | Reached XP level 8. HP: 39/39 MP: 14/14
  5557 | D:6      | Found a radiant altar of Vehumet.
  5570 | D:6      | Found a hazy altar of Hepliaklqana.
  5736 | D:6      | Found an ancient bone altar of Kikubaaqudgha.
  5754 | D:6      | Learned a level 2 spell: Passwall
  5798 | D:6      | Found a snail-covered altar of Cheibriados.
  5909 | D:6      | Reached skill level 1 in Earth Magic
  5975 | D:6      | Found a basalt altar of Yredelemnul.
  6143 | D:7      | Reached skill level 5 in Transmutations
  6177 | D:7      | Reached skill level 5 in Invocations
  6289 | D:7      | Learned a level 2 spell: Blink
  6326 | D:7      | Reached skill level 1 in Translocations
  6510 | D:7      | Found a sacrificial altar of Ru.
  6786 | D:7      | Reached XP level 9. HP: 42/42 MP: 15/15
  6787 | D:7      | Found a hide-covered altar of Uskayaw.
  6789 | D:7      | Noticed a hand axe
  6790 | D:7      | Noticed a dagger
  7527 | D:8      | Reached skill level 5 in Evocations
  7623 | D:8      | Found a sand-covered staircase.
  7762 | Ossuary  | Entered an ossuary
  8150 | D:8      | Reached XP level 10. HP: 46/46 MP: 12/16
  8239 | D:8      | Reached skill level 9 in Stealth
  8426 | D:8      | Noticed a two-headed ogre
  8448 | D:8      | Killed a two-headed ogre
  8455 | D:8      | Noticed a gargoyle
  8456 | D:8      | Reached skill level 10 in Stealth
  8500 | D:8      | Killed a gargoyle
  8500 | D:8      | Reached skill level 10 in Dodging
  8724 | D:8      | Found a shimmering altar of Xom.
  8731 | D:8      | Reached skill level 5 in Blades
  8905 | D:9      | Noticed a spiny frog
  9020 | D:9      | Learned a level 3 spell: Conjure Flame
  9285 | D:9      | Killed a spiny frog
  9285 | D:9      | Reached skill level 1 in Air Magic
  9384 | D:9      | Reached skill level 1 in Fire Magic
  9467 | D:10     | Entered Level 10 of the Dungeon
  9544 | D:10     | Noticed Joseph
  9598 | D:10     | Noticed a two-headed ogre
  9632 | D:10     | Killed a two-headed ogre
  9632 | D:10     | Reached XP level 11. HP: 48/50 MP: 12/17
 10003 | D:10     | Killed Joseph
 10003 | D:10     | Reached skill level 11 in Stealth
 10062 | D:11     | Reached ****** piety under Cheibriados
 10141 | D:11     | Noticed a seven-headed hydra
 10244 | D:11     | Noticed a deep elf mage
 10250 | D:11     | Killed a deep elf mage
 10250 | D:11     | Reached skill level 12 in Stealth
 10600 | D:11     | Noticed a brown ugly thing
 10807 | D:11     | Killed a brown ugly thing
 10903 | D:11     | Killed a seven-headed hydra
 10903 | D:11     | Reached skill level 5 in Spellcasting
 11177 | D:12     | Noticed a centaur warrior
 11191 | D:12     | Reached skill level 13 in Stealth
 11195 | D:12     | Killed a centaur warrior
 11303 | D:12     | Noticed an unseen horror
 11309 | D:12     | Killed an unseen horror
 11635 | D:12     | Noticed a deep elf mage
 11975 | D:12     | Reached XP level 12. HP: 54/54 MP: 19/22
 12036 | D:12     | Reached skill level 14 in Stealth
 12258 | D:13     | Learned a level 4 spell: Passage of Golubria
 12319 | D:13     | Noticed a centaur warrior
 12337 | D:13     | Noticed a centaur warrior
 12356 | D:13     | Killed a centaur warrior
 12556 | D:13     | Killed a centaur warrior
 12686 | D:13     | Reached skill level 15 in Stealth
 12686 | D:13     | Reached skill level 10 in Evocations
 12783 | D:13     | Noticed a centaur warrior
 12793 | D:13     | Killed a centaur warrior
 13332 | D:14     | Noticed an ogre mage
 13347 | D:14     | Found a dark tunnel.
 13353 | Volcano  | Entered a volcano
 13776 | D:14     | Noticed a death knight
 14114 | D:14     | Noticed a catoblepas
 14137 | D:14     | Noticed a two-headed ogre
 14138 | D:14     | Noticed a two-headed ogre
 14195 | D:14     | Killed a catoblepas
 14226 | D:14     | Noticed a two-headed ogre
 14346 | D:14     | Noticed a two-headed ogre
 14355 | D:14     | Killed an ogre mage
 14355 | D:14     | Reached skill level 10 in Spellcasting
 14362 | D:14     | Killed a two-headed ogre
 14364 | D:14     | Killed a two-headed ogre
 14364 | D:14     | Killed a two-headed ogre
 14364 | D:14     | Reached XP level 13. HP: 58/58 MP: 18/27
 14455 | D:14     | Reached skill level 16 in Stealth
 15004 | D:15     | Entered Level 15 of the Dungeon
 15022 | D:15     | Reached skill level 17 in Stealth
 15441 | D:15     | Found a staircase to the Orcish Mines.
 15559 | D:15     | Found a gate to the Vaults.
 15915 | D:15     | Reached skill level 10 in Blades
 16538 | D:15     | Found a staircase to the Depths.
 16851 | Orc:1    | Entered Level 1 of the Orcish Mines
 16866 | Orc:1    | Reached skill level 10 in Invocations
 16868 | Orc:1    | Reached XP level 14. HP: 43/63 MP: 23/29
 17007 | Orc:1    | Noticed an orc warlord
 17012 | Orc:1    | Reached skill level 1 in Hexes
 17056 | Orc:1    | Found a radiant altar of Vehumet.
 17424 | Orc:1    | Noticed a fire giant
 17424 | Orc:1    | an orc warlord changed into a fire giant
 17478 | Orc:2    | Entered Level 2 of the Orcish Mines
 17490 | Orc:2    | Found Wuphos's Magic Scroll Boutique.
 17797 | Orc:2    | Reached skill level 5 in Hexes
 17922 | Orc:2    | Found Qumenoj's Book Shop.
 17960 | Orc:2    | Learned a level 6 spell: Darkness
 18104 | Orc:2    | Found Fonaiwikk's Antique Armour Shop.
 18266 | Orc:2    | Found a staircase to the Slime Pits.
 18442 | Orc:2    | Found a staircase to the Swamp.
 18873 | Orc:2    | Noticed an orc warlord
 19310 | Orc:2    | Found Vaogelao's Antique Armour Boutique.
 19312 | Orc:2    | Found Yseugan's Antique Weapon Shop.
 19348 | Orc:2    | Bought a +2 vampiric demon blade for 1881 gold pieces
 19402 | Orc:2    | Bought a scroll of enchant weapon for 105 gold pieces
 19402 | Orc:2    | Bought 3 scrolls of teleportation for 126 gold pieces
 19402 | Orc:2    | Bought a scroll of teleportation for 42 gold pieces
 19402 | Orc:2    | Bought a scroll of blinking for 105 gold pieces
 19403 | Orc:2    | Bought a scroll of summoning for 133 gold pieces
 19457 | Swamp:1  | Entered Level 1 of the Swamp
 19468 | Swamp:1  | Noticed a cyan very ugly thing
 19535 | Swamp:1  | Noticed Donald
 20081 | Swamp:1  | Noticed Kirke
 20102 | Swamp:1  | Noticed a sphinx
 20102 | Swamp:1  | Killed Kirke
 20102 | Swamp:1  | Reached skill level 10 in Hexes
 20682 | Swamp:1  | Killed Donald
 20746 | Swamp:1  | Killed a cyan very ugly thing
 20955 | Swamp:2  | Noticed a tentacled monstrosity
 21260 | Swamp:2  | Noticed Frances
 21714 | Swamp:2  | Learned a level 3 spell: Force Lance
 21767 | Swamp:2  | Reached skill level 1 in Shields
 22150 | Swamp:3  | Entered Level 3 of the Swamp
 22153 | Swamp:3  | Reached XP level 15. HP: 37/66 MP: 17/23
 22212 | Swamp:3  | Learned a level 7 spell: Invisibility
 23368 | Swamp:3  | Found a gate to the Vaults.
 23374 | Swamp:3  | Got a decaying rune of Zot
 23432 | Vaults:1 | Entered Level 1 of the Vaults
 23624 | Vaults:1 | Reached XP level 16. HP: 71/71 MP: 13/17
 23719 | Vaults:1 | Reached skill level 18 in Stealth
 23919 | Vaults:1 | Reached skill level 19 in Stealth
 24229 | Vaults:1 | Reached skill level 20 in Stealth
 24459 | Vaults:2 | Noticed Jorgrun
 24461 | Vaults:2 | Killed Jorgrun
 24488 | Vaults:2 | Noticed Nikola
 24682 | Vaults:2 | Learned a level 3 spell: Regeneration
 24789 | Vaults:2 | Reached skill level 1 in Charms
 24984 | Vaults:2 | Reached skill level 1 in Necromancy
 25146 | Vaults:2 | Reached skill level 5 in Fighting
 25320 | Vaults:2 | Got the amulet of Kimm {RegenMP rF- Str+4}
 25725 | Vaults:2 | Killed Nikola
 25834 | Vaults:2 | Learned a level 4 spell: Silence
 25835 | Vaults:3 | Entered Level 3 of the Vaults
 25889 | Vaults:3 | Noticed a tengu reaver
 25920 | Vaults:3 | Killed from afar by a frost giant

Skill      XL: |  1  2  3  4  5  6  7  8  9 10 11 12 13 14 15 16 |
---------------+-------------------------------------------------+-----
Dodging        | 4 5 6 7 8 10 13 | 13.0
Fighting       | 2 5 |  5.8
Blades         | 4 5 7 8 10 11 14 | 14.0
Stealth        | 1 2 3 6 8 10 13 15 17 20 | 20.3
Spellcasting   | 1 2 4 7 10 11 | 11.0
Transmutations | 1 2 3 5 6 |  6.3
Summonings     | 1 3 |  3.0
Invocations    | 3 6 7 8 9 10 | 10.0
Earth Magic    | 1 |  1.5
Translocations | 3 4 |  4.0
Evocations     | 7 9 11 | 11.2
Air Magic      | 2 |  2.4
Fire Magic     | 2 |  2.1
Hexes          | 11 14 | 14.9
Shields        | 1 |  1.3
Charms         | 3 |  3.0
Necromancy     | 1 |  1.0

Action                   |  1- 3 |  4- 6 |  7- 9 | 10-12 | 13-15 | 16-18 || total
-------------------------+-------+-------+-------+-------+-------+-------++-------
Melee: Rapier            |    86 |       |       |       |       |       ||    86
       Dagger            |    74 |    59 |   176 |   327 |   168 |       ||   804
       Spear             |       |   115 |    82 |    51 |       |       ||   248
       Kick              |       |    36 |   136 |   233 |   256 |       ||   661
       Demon blade       |       |       |       |       |   428 |   141 ||   569
       Scimitar          |       |       |       |       |   201 |       ||   201
 Fire: Hand crossbow     |       |       |       |    19 |       |       ||    19
Throw: Stone             |       |       |     3 |       |       |       ||     3
       Tomahawk          |       |       |       |    11 |    41 |       ||    52
       Curare dart       |       |       |       |       |     1 |       ||     1
       Poisoned dart     |       |       |       |       |     1 |       ||     1
 Cast: Beastly Appendage |       |     1 |       |       |       |       ||     1
       Sticks to Snakes  |       |       |    34 |    47 |    56 |     7 ||   144
       Passwall          |       |       |     8 |    56 |    43 |       ||   107
       Blink             |       |       |     5 |    21 |    19 |     3 ||    48
       Conjure Flame     |       |       |       |    22 |    57 |     3 ||    82
       Passage of Golubr |       |       |       |       |     3 |       ||     3
       Force Lance       |       |       |       |       |     3 |       ||     3
       Darkness          |       |       |       |       |     1 |       ||     1
       Invisibility      |       |       |       |       |     1 |       ||     1
       Regeneration      |       |       |       |       |       |     1 ||     1
Invok: Bend Time         |       |     1 |     1 |     4 |       |       ||     6
       Slouch            |       |     1 |     4 |     2 |     8 |       ||    15
       Temporal Distorti |       |       |       |     2 |     2 |       ||     4
       Step From Time    |       |       |       |     1 |     4 |     1 ||     6
Evoke: Wand              |       |       |     4 |    10 |    32 |       ||    46
  Use: Potion            |       |       |     1 |       |     3 |     1 ||     5
       Scroll            |       |       |     2 |       |     8 |     1 ||    11
 Stab: Sleeping          |     4 |    16 |    27 |    60 |    61 |    58 ||   226
       Distracted        |       |       |     2 |     2 |    16 |     3 ||    23
       Confused          |       |       |       |       |     1 |       ||     1
       Invisible         |       |       |       |       |    72 |    16 ||    88
Armor: Robe              |    25 |     6 |    10 |    20 |    13 |       ||    74
       Skin              |       |       |       |       |    28 |       ||    28
       Swamp dragon scal |       |       |       |       |    25 |    11 ||    36
       Troll leather arm |       |       |       |       |    20 |       ||    20
Dodge: Dodged            |   190 |   115 |   185 |   308 |   629 |    66 ||  1493
Block: Buckler           |       |    34 |   109 |   139 |    91 |       ||   373
       Reflection        |       |       |     1 |       |       |       ||     1
